 Dungeon Crawl Stone Soup version 0.16.1-11-g651b585 (webtiles) character file.

200 ztt the Shield-Bearer (level 5, 0/47 HPs)
             Began as a Minotaur Fighter on Apr 1, 2015.
             Slain by Sigmund
             ... wielding a +0 scythe of protection
              (6 damage)
             ... on level 4 of the Dungeon.
             The game lasted 00:03:16 (2484 turns).

ztt the Shield-Bearer (Minotaur Fighter)            Turns: 2484, Time: 00:03:17

Health: 0/47       AC:  8    Str: 22    XL:     5   Next: 49%
Magic:  2/2        EV:  8    Int:  5    God:
Gold:   165        SH: 10    Dex:  9    Spells: 0 memorised, 4 levels left

rFire  + . .     SeeInvis .     a - +1 war axe
rCold  x . .     Clarity  .     b - +0 scale mail
rNeg   . . .     SustAb   .     c - +0 shield
rPois  .         Gourm    .     (helmet restricted)
rElec  .         Spirit   .     p - +0 cloak
rCorr  .         Warding  .     (no gloves)
rMut   .         Stasis   .     (no boots)
MR     .....                    (no amulet)
Stlth  ..........               j - ring of loudness (curse)
                                l - ring of fire

@: not resistant to hostile enchantments, extremely unstealthy
A: retaliatory headbutt, horns 2
a: no special abilities


You were on level 4 of the Dungeon.
You were not hungry.

You visited 1 branch of the dungeon, and saw 4 of its levels.

You collected 165 gold pieces.

Inventory:

Hand weapons
 a - a +1 war axe (weapon)
Armour
 b - a +0 scale mail (worn)
 c - a +0 shield (worn)
 p - a +0 cloak (worn)
Jewellery
 h - an uncursed ring of magical power
 j - a cursed ring of loudness (right hand)
 l - a ring of fire (left hand)
Magical devices
 t - a wand of cold (6)
Scrolls
 d - a scroll of enchant armour {unknown}
 k - a scroll of identify
 m - 2 scrolls of blinking
 r - a scroll of noise {unknown}
Potions
 e - a potion of might
 g - 2 potions of brilliance
 i - a potion of restore abilities
 n - a potion of curing {unknown}
 s - a potion of resistance
Comestibles
 f - a meat ration
 o - a bread ration
 q - 3 fruits


   Skills:
 + Level 4.5 Fighting
 + Level 3.2 Axes
 + Level 4.7 Armour
 + Level 2.3 Dodging
 + Level 5.0 Shields


You had 4 spell levels left.
You didn't know any spells.

Dungeon Overview and Level Annotations

Branches:
Dungeon (4/15)
 Temple: D:4-7

Altars:
Kikubaaqudgha
Zin

Annotations:
D:4 Sigmund


Innate Abilities, Weirdness & Mutations

You reflexively headbutt those who attack you in melee.
You have a pair of horns on your head.


Message History

You completely miss something. Something hits you!
* * * LOW HITPOINT WARNING * * *
Your shield prevents you from hitting something.
Your headbutt misses something. Something hits you but does no damage.
You closely miss something. Your headbutt misses something. Something hits you.
* * * LOW HITPOINT WARNING * * *
You miss something. Something hits you.
* * * LOW HITPOINT WARNING * * *
You miss something. You headbutt something. You miss something.
You hear the rusting of a very distant drain.
You hear some strange, mumbled words.
The puff of flame hits you! You resist.
* * * LOW HITPOINT WARNING * * *
Something hits you but does no damage.
You miss something. Something hits you.
* * * LOW HITPOINT WARNING * * *
All of the chunks of flesh in your inventory have rotted away.
You hit something. Your headbutt misses something. Something hits you.
You die...

#.# #.#.#
####.#####.#.#
#........#.#.#
#####.##.###.....#
#.........##.....#
#.###.##..##..)..#
#.# #.##.....))...
#.###†###.####.###
#@.)..# #.# #.#
#.##### .# ##'##
#.#######.###...##
#.........##.....#
#.##.######.......
#.# .!# #........
#.. .... +........
#.# ..####........
... ..# ##.......


There were no monsters in sight!

Vanquished Creatures
  Ijyb (D:2)
  The ghost of tabstorm the Chopper, a weakling HOBe of Trog (D:3)
  3 gnolls (D:4)
  6 adders
  A worm (D:2)
  2 orcs (D:3)
  2 ball pythons (D:3)
  8 bats
  3 giant cockroaches (D:2)
  8 hobgoblins
  3 quokkas
  7 giant geckos
  A giant newt (D:2)
  9 goblins
  11 kobolds
  10 rats
76 creatures vanquished.

Notes
Turn   | Place    | Note
--------------------------------------------------------------
     0 | D:1      | ztt, the Minotaur Fighter, began the quest for the Orb.
     0 | D:1      | Reached XP level 1. HP: 19/19 MP: 1/1
   220 | D:1      | Reached XP level 2. HP: 24/27 MP: 1/1
   370 | D:1      | Reached skill level 4 in Shields
   647 | D:2      | Noticed Ijyb
   665 | D:2      | Killed Ijyb
   665 | D:2      | Reached XP level 3. HP: 17/33 MP: 2/2
   922 | D:2      | Reached XP level 4. HP: 29/40 MP: 2/2
   931 | D:2      | Reached skill level 1 in Dodging
  1689 | D:3      | Found an ancient bone altar of Kikubaaqudgha.
  1690 | D:3      | Found a glowing silver altar of Zin.
  1958 | D:3      | Noticed tabstorm's ghost (weakling HOBe)
  1972 | D:3      | Killed tabstorm's ghost
  1972 | D:3      | Reached XP level 5. HP: 30/47 MP: 2/2
  2271 | D:4      | Reached skill level 5 in Shields
  2357 | D:4      | Noticed Sigmund
  2484 | D:4      | Slain by Sigmund

Action                   |  1- 3 |  4- 6 || total
-------------------------+-------+-------++-------
Melee: War axe           |   103 |   141 ||   244
  Use: Scroll            |       |     5 ||     5
  Eat: Bread ration      |       |     1 ||     1
       Chunk             |       |     1 ||     1
